 Dungeon Crawl Stone Soup version 0.27-a0-32-g443bf2d2ca (webtiles) character file.

Game seed: 2206706728481519101

4 Descartes the Sneak (level 1, -7/10 HPs)
             Began as a Felid Delver on Jan 4, 2021.
             Killed from afar by an orc wizard (9 damage)
             ... with a magic dart
             ... on level 5 of the Dungeon.
             The game lasted 00:00:34 (51 turns).

Descartes the Sneak (Felid Delver)                    Turns: 51, Time: 00:00:35

Health: -7/10      AC:  1    Str:  8    XL:     1   Next: 50%
Magic:  2/2        EV: 18    Int: 11    God:
Gold:   0          SH:  0    Dex: 17    Spells: 0/0 levels left
                                        Lives:  0   Deaths: 0

rFire    . . .     SeeInvis +     - Unarmed
rCold    . . .     Faith    .   (shield unavailable)
rNeg     . . .     Spirit   .   (armour unavailable)
rPois    .         Reflect  .   (helmet unavailable)
rElec    .         Harm     .   (cloak unavailable)
rCorr    .         Rampage  .   (gloves unavailable)
Will     .....                  (boots unavailable)
Stlth    ++........             (no amulet)
HPRegen  0.03/turn              (no ring)
MPRegen  0.08/turn              (no ring)

@: very slow
A: very small, no armour, no weapons or thrown items, stealth, claws 1, fangs 3,
see invisible, speed 1, shaggy fur 1, sharp paws
a: no special abilities


You were on level 5 of the Dungeon.
You visited 1 branch of the dungeon, and saw 1 of its levels.

Inventory:

Wands
 e - a wand of digging (3)
Scrolls
 a - a scroll of fog
 c - a scroll of fear
Potions
 d - a potion of haste


   Skills:
 - Level 3.0 Fighting
 + Level 2.8 Dodging
 * Level 6.7 Stealth
 + Level 2.1 Unarmed Combat


You couldn't memorise any spells.
You didn't know any spells.
Your spell library was empty.

Dungeon Overview and Level Annotations

Branches:
Dungeon (5/15)
 Temple: D:4-7

Altars:


Innate Abilities, Weirdness & Mutations

You cannot wear armour.
You are incapable of wielding weapons or throwing items.
Your paws allow you to move quietly. (Stealth)
You have sharp claws.
You have razor-sharp teeth.
You have supernaturally acute eyesight. (SInv)
You cover ground quickly.
You are covered in fur. (AC +1)
Your sharp claws are effective at attacking unaware monsters.


Message History

The worm is lightly wounded.
The worm closely misses you.
Your unstable footing causes you to fumble your attack.
The worm bites you!
Ouch! That really hurt!
* * * LOW HITPOINT WARNING * * *
You scratch the worm.
The worm is moderately wounded.
Your unstable footing causes you to fumble your attack.
The worm splashes around in the water.
You hear the slow rusting of a drain.
The worm splashes around in the water.
You completely miss the worm.
The worm is lightly wounded.
An orc wizard comes into view.
It is wielding a +3 dagger of electrocution.
The orc wizard shouts!
You hear a shout!
The orc wizard casts a spell at you. The magic dart hits you!
Ouch! That really hurt!
You die...

,,,,,,,,,* #>......(.**** *
,,,,,,,,,* #....##..#*≈≈***
,,,,,,,,,* #..#.....##*≈**≈
,,,,,,,,,***** ##..#...#..#*≈≈≈≈
,,,,,,,,**,,,***#...#.#....##*≈≈≈
,,,,,,,,**,,,,,,,,#...##....#*##.
,,,,,,,,**####**####........###..
,,,,,,,,*##≈≈####≈≈##...........#
,,,,,,,,*#≈≈lww≈@≈†≈o....#.###..#
,,,,,,,**##≈≈####≈≈##..###.# #.>.
*,,,,,** #≈##≈≈####...# #.# ##..
******* #≈#≈≈≈≈≈≈#...#*#.#**##.
#≈#≈∩≈≈≈≈#...#,...,,**.
#l#*≈≈**≈#.###,...,,**.
*#≈≈****≈≈##* *,...,,,,.
*≈≈≈≈≈≈≈≈≈≈* *,,,,,,**#
*#≈≈****≈≈** *,,,,,,*


You could see 2 worms, an orc wizard and a leopard gecko.

Vanquished Creatures
  2 leopard geckos (D:5)
2 creatures vanquished.

Notes
Turn   | Place    | Note
-------+----------+-------------------------------------------
     0 | D:5      | Descartes the Felid Delver began the quest for the Orb.
     0 | D:5      | Reached XP level 1. HP: 10/10 MP: 2/2
    50 | D:5      | Noticed an orc wizard
    51 | D:5      | Killed from afar by an orc wizard

Illustrated notes

Levels and vault maps discovered:
D:5:      layout_rooms, gup_sewer_entry_bubbles, chequers_serial_rivers_small_3,
          hex_tiny, grunt_dithmenos_shadows

Action                   || total
-------------------------++-------
Melee: Unarmed           ||    21
  Use: Scroll            ||     1
 Stab: Sleeping          ||     1
Dodge: Dodged            ||     6

Table legend: (Time is in decaauts)
 A = Elapsed time spent in this place.
 B = Non-inter-level travel time spent in this place.
 C = Inter-level travel time spent in this place.
 D = Time resting spent in this place.
 E = Time spent auto-exploring this place.
 F = Levels seen in this place.
 G = Mean time per level.
                   A        B        C        D        E       F      G
               +--------+--------+--------+--------+--------+-----+--------+
         Total |     53 |     53 |      0 |      0 |      0 |   1 |   53.0 |
       Dungeon |     53 |     53 |      0 |      0 |      0 |   1 |   53.0 |
               +--------+--------+--------+--------+--------+-----+--------+

Top non-repeatable levels by time:
     D:5: 53 daAuts
